 Dungeon Crawl Stone Soup version 0.25-a0-302-g9f758675c1 (webtiles) character file.

Game seed: 7952835707768320000, levelgen mode: deterministic

168955 hittemvvvvvvvvvvhard the Fighter (level 17, -11/151 HPs)
             Began as a Centaur Assassin on Dec 19, 2019.
             Was a High Priest of Trog.
             Shot with an arrow by a deep elf master archer (22 damage)
             ... on level 3 of the Elven Halls on Dec 20, 2019.
             The game lasted 02:17:05 (46116 turns).

hittemvvvvvvvvvvhard the Fighter (CeAs)            Turns: 46116, Time: 02:17:06

Health: -11/151    AC: 25    Str: 23    XL:     17   Next: 9%
Magic:  26/26      EV:  6    Int: 10    God:    Trog [*****.]
Gold:   1067       SH: 11    Dex: 12    Spells: 16/16 levels left

rFire    + . .     SeeInvis +   a - +7 demon trident (pierce)
rCold    + . .     Gourm    .   R - +0 shield
rNeg     . . .     Faith    +   s - +4 plate armour {MR+} {MR+}
rPois    +         Spirit   .   c - +2 helmet
rElec    .         Reflect  .   O - +2 cloak
rCorr    .         Harm     .   y - +2 pair of gloves {archery} {Ranged Slay+4}
MR       ++++.                  (no barding)
Stlth    ..........             C - amulet "Zyroucw" {Faith rC++ MR+ Str+3}
HPRegen  0.35/turn              m - ring of Scepticism {rPois rF+ rC- SInv}
MPRegen  0.20/turn              M - ring of protection from magic

@: heavily drained, very quick
A: large, hooves 3, deformed body, speed 2, tough skin 3
}: 1/15 runes: decaying
a: Berserk, Trog's Hand, Brothers in Arms, Renounce Religion


You were on level 3 of the Elven Halls.
You worshipped Trog.
Trog was extremely pleased with you.
You were not hungry.

You visited 6 branches of the dungeon, and saw 30 of its levels.
You also visited: Sewer, Gauntlet and Desolation.

You collected 2481 gold pieces.
You spent 1414 gold pieces at shops.

Inventory:

Hand Weapons
 a - a +7 demon trident of piercing (weapon)
Missiles
 b - 8 javelins
 l - 18 poisoned darts
 v - 5 throwing nets {=f}
 A - 10 curare-tipped darts
 E - 15 boomerangs (quivered)
 F - 19 silver javelins
Armour
 c - a +2 helmet (worn)
 s - a +4 plate armour of magic resistance (worn) {MR+}
 y - a +2 pair of gloves of archery (worn) {Ranged Slay+4}
 O - a +2 cloak (worn)
 R - a +0 shield (worn)
 Y - a scarf of cloud immunity
Jewellery
 m - the ring of Scepticism (left hand) {rPois rF+ rC- SInv}
   (You found it on level 11 of the Dungeon)

   [ring of poison resistance]

   It protects you from fire.
   It makes you vulnerable to cold.
   It protects you from poison.
   It lets you see invisible.
 C - the amulet "Zyroucw" (around neck) {Faith rC++ MR+ Str+3}
   (You found it in a Gauntlet)

   [amulet of faith]

   It allows you to gain divine favour quickly.
   It affects your strength (+3).
   It greatly protects you from cold.
   It affects your resistance to hostile enchantments.
 I - an uncursed ring of protection from cold
 K - a +3 ring of evasion
 M - a ring of protection from magic (right hand)
 N - an uncursed ring of positive energy {rN+}
 P - the ring "Gamaloan" {*Corrode rPois rF+ rC+ Str+3}
   (You found it in a Gauntlet)

   [ring of protection from cold]

   It affects your strength (+3).
   It protects you from fire.
   It protects you from cold.
   It protects you from poison.
   It may corrode you when you take damage.
Wands
 D - a wand of digging (13)
 J - a wand of enslavement (11)
 S - a wand of acid (5)
 T - a wand of scattershot (9)
 U - a wand of iceblast (2)
 X - a wand of flame (85)
Scrolls
 f - 7 scrolls of fog
 g - a scroll of fear
 i - 3 scrolls of identify
 k - 9 scrolls of remove curse
 n - a scroll of silence
 t - 20 scrolls of teleportation
 w - 6 scrolls of magic mapping {!r}
 B - 2 scrolls of blinking {!r}
 V - 2 scrolls of summoning
Potions
 d - a potion of resistance
 h - a potion of invisibility
 j - 11 potions of haste
 o - 5 potions of agility
 q - 3 potions of lignification {!q}
 r - 4 potions of flight
 u - 6 potions of heal wounds
 x - 4 potions of might
 z - 18 potions of curing
 G - 6 potions of mutation {!q}
 L - 3 potions of magic
 W - 2 potions of cancellation
Miscellaneous
 p - a lamp of fire
 H - 2 boxes of beasts
Comestibles
 e - 38 rations


   Skills:
 + Level 13.8(11.7) Fighting
   Level 1.7(0.2) Short Blades
 - Level 13.6(11.8) Polearms
   Level 6.1(8.8) Staves
 - Level 2.1(0.6) Throwing
 - Level 10.0(8.0) Armour
 - Level 6.0(4.2) Dodging
 - Level 2.4(0.8) Stealth
 - Level 9.0(7.0) Shields
 + Level 12.7(10.6) Evocations


You had 16 spell levels left.
You didn't know any spells.
Your spell library contained the following spells:

 Spells                   Type           Power        Failure   Level  Hunger
 Call Imp                 Summ           #.......     100%        2    ###....
 Summon Guardian Golem    Hex/Summ       #.......     100%        3    ####...
 Summon Lightning Spire   Summ/Air       #.......     100%        4    #####..
 Summon Hydra             Summ           #.........   100%        7    #######


Dungeon Overview and Level Annotations

Branches:
Dungeon (14/15)            Temple (1/1) D:7            Lair (6/6) D:9
  Swamp (4/4) Lair:2        Snake (0/4) Lair:3        Slime (0/5) Lair:6
    Orc (2/2) D:11            Elf (3/3) Orc:2        Vaults (0/5) D:14
  Sewer (visited)         Desolation (visited)      Gauntlet (visited)

Altars:
Ashenzari
Cheibriados
Dithmenos
Elyvilon
Fedhas
Gozag
Hepliaklqana
Kikubaaqudgha
Makhleb
Nemelex Xobeh
Okawaru
Qazlal
Ru
Sif Muna
Trog
Uskayaw
Vehumet
Wu Jian
Xom
Yredelemnul
Zin
The Shining One
Beogh
Lugonu

Shops:
D:9 *   D:10 ?   Orc:2 (:[*

Portals:
Trove: D:11 (give +4 demon blade)

Annotations:
D:3 exclusion: upstairs
D:6 +fly
D:14 Roxanne
Lair:6 exclusion: 2 oklob plants


Innate Abilities, Weirdness & Mutations

You have hooves in place of feet.
Armour fits poorly on your strangely shaped body.
You cover ground very quickly.
You have extremely tough skin. (AC +3)


Message History

Unknown command.
The deep elf master archer shoots an arrow.
The arrow hits you!
* * * LOW HITPOINT WARNING * * *
The arrow burns you.
* * * LOW HITPOINT WARNING * * *
There is a stone staircase leading up, spattered with blood here.
You see here 4 arrows.
You take 18 damage, and have 54/151 hp.
The deep elf master archer shoots an arrow.
The arrow hits you!!
* * * LOW HITPOINT WARNING * * *
The arrow burns you.
* * * LOW HITPOINT WARNING * * *
The deep elf demonologist mumbles some strange words.
The red devil hits you from afar with a +0 trident.
* * * LOW HITPOINT WARNING * * *
The deep elf master archer shoots an arrow.
The arrow hits you!!
You die...

##........# ..#****,,',,,,⌠
##.......####e'## *,,*,,,,,
#'####.........## *,,**,,**
#.# #..........##*,,,**+*
#.# #....4......#**,,,,,*
#.# #....ee......#**,,,,*
#.# #.......4....# *******
#.####....(.4.....# *,* *
#....'....@.......# ***,***
#..###....).......#**,,,,,,
#.## #......).....+,,,*****
#.# #............***,* #.#
#............* *,* #.#
#.........)..* *,* #.#
#............* *,* #.#
##..........#* *,* #.#
**,,,,,,,,** *,*****


You could see a deep elf master archer, a deep elf elementalist, a deep elf
demonologist, 2 orange demons and a red devil.

Levels and vault maps discovered:
D:1:      dpeg_arrival_arbitrary_b, layout_loops_ring, evilmike_ruin_ashenzari
D:2:      layout_rooms, lemuel_coloured_pillars_altar, bloody_trog,
          chequers_ecumenical_altar_twisty, uniq_robin
D:3:      layout_rooms, cheibriados_altar_1, lemuel_round_altar,
          cheibrodos_sewer_entry_bend, st_stairs_12
D:4:      lemuel_castle_with_subvaults [lemuel_castle_interior_original],
          layout_cave_pools, elyvilon_altar_4, marbit_many_paths, first_ration,
          nicolae_dithmenos_the_darkroom, uniq_natasha
D:5:      layout_loops_ring, xom_butterflies, old_standard_altar,
          grunt_temple_overflow_diamond
D:6:      layout_loops_ring, overflow_temple_1_default, basic_altar,
          minmay_misc_feat_enclosed, water_maze_lemuel, uniq_eustachio,
          uniq_grinder
D:7:      layout_gridville, minmay_temple_entry_mist, patterned_corridor
D:8:      layout_loops_cross, grunt_temple_overflow_order_and_chaos_2,
          trog_three_pillars_becter, uniq_joseph
D:9:      layout_big_octagon, lemuel_round_altar, serial_shops, shop,
          hangedman_ranch [blue_anna_fruit_fields], minivault_5,
          nicolae_wand_duel
D:10:     layout_cave_pools, serial_bayou, serial_bayou_shore_b,
          serial_bayou_pond_d, serial_bayou_pond_a, serial_bayou_lagoon_b,
          serial_shops, shop, skrybe_limestone_x, kennysheep_generic_room_8
D:11:     layout_irregular_city, nicolae_trove_entry_diagonal
D:12:     layout_basic
D:13:     layout_cave_pools, serial_co_window_serial, co_window_paths_a,
          co_window_paths_a, co_window_paths_a, co_window_corner_a,
          co_window_paths_a, co_window_of_opportunity_c,
          co_window_unsneaky_path_e, co_window_2corner, co_window_2corner,
          co_window_paths_c, glass_columns_a, glass_columns_a, glass_columns_a,
          glass_columns_b
D:14:     layout_loops_ring, hangedman_vaults_entry_quadrant_bands, uniq_louise,
          uniq_kirke, uniq_roxanne, uniq_jorgrun
Temple:   corrupted_temple
Lair:1:   statuecave_lemuel, layout_regular_city, chequers_serial_rivers_small_b
Lair:2:   layout_gridlike, minmay_swamp_entry_swarm, special_room
          [special_room_bee], minivault_23
Lair:3:   layout_regular_city, guppyfry_snake_entry_island, grunt_megastairs_3,
          serial_bayou_shore_a, serial_bayou_shore_b
Lair:4:   layout_long_grid, small_statue_intersection,
          nicolae_quartered_pool_little
Lair:5:   layout_regular_city, uniq_sonja
Lair:6:   grunt_lair_end_beastmaster, layout_misc_corridors,
          minmay_slime_entry_oklob_enclosed, gauntlet_entry_generic, uniq_snorg
Swamp:1:  layout_basic_swamp, nicolae_swamp_feature_on_the_river_bank,
          uniq_frances
Swamp:2:  layout_basic_swamp, evilmike_swamp_ruin_wall
Swamp:3:  layout_basic_swamp, hangedman_swamp_pad
Swamp:4:  swamp_icy, layout_basic_swamp, uniq_donald, uniq_bai_suzhen
Orc:1:    layout_caves, serial_shops, mines1_david, uniq_harold
Orc:2:    grunt_orc_cross, layout_caves, uniq_josephine
Elf:1:    layout_loops_corners, minmay_elf_demonology, tgw_sif
Elf:2:    layout_onion_city, portal_desolation_entry_nicolae_nacl, kb_rosetta,
          uniq_azrael
Elf:3:    grunt_elf_hall_branching, layout_gridlike,
          hangedman_elf_targetted_burst

Notes
Turn   | Place    | Note
-------+----------+-------------------------------------------
     0 | D:1      | hittemvvvvvvvvvvhard the Centaur Assassin began the quest
                  | for the Orb.
     0 | D:1      | Reached XP level 1. HP: 17/17 MP: 1/1
   180 | D:1      | Reached XP level 2. HP: 25/25 MP: 2/2
   238 | D:1      | Reached skill level 3 in Fighting
   494 | D:1      | Found a shattered altar of Ashenzari.
   507 | D:1      | Reached XP level 3. HP: 31/31 MP: 3/3
   624 | D:1      | HawkI: I like your style
   946 | D:2      | HawkI: hit'em very hard XD
  1240 | D:2      | Found a bloodstained altar of Trog.
  1328 | D:2      | Found a hazy altar of Hepliaklqana.
  1572 | D:2      | Found a faded altar of an unknown god.
  1671 | D:2      | Noticed Robin
  1725 | D:1      | Reached skill level 4 in Fighting
  1999 | D:1      | Killed Robin
  1999 | D:1      | Reached skill level 1 in Evocations
  1999 | D:1      | Reached XP level 4. HP: 35/40 MP: 4/4
  2116 | D:2      | hittemvvvvvvvvvvhard: :D
  2159 | D:2      | Became a worshipper of Trog the Wrathful
  2159 | D:2      | Reached * piety under Trog
  2419 | D:3      | Noticed a phantom
  2688 | D:3      | Found a glowing drain.
  2732 | Sewer    | Entered a sewer
  2771 | Sewer    | Reached skill level 1 in Staves
  2866 | Sewer    | Reached ** piety under Trog
  2868 | Sewer    | Reached XP level 5. HP: 42/47 MP: 5/5
  3139 | Sewer    | Reached skill level 2 in Staves
  3295 | Sewer    | Reached skill level 5 in Fighting
  3494 | Sewer    | Reached skill level 3 in Staves
  3494 | Sewer    | Reached XP level 6. HP: 56/56 MP: 6/6
  3702 | D:3      | Found a sacrificial altar of Ru.
  3715 | D:3      | Reached skill level 4 in Staves
  3826 | D:3      | Found a snail-covered altar of Cheibriados.
  4253 | D:4      | Reached *** piety under Trog
  4343 | D:4      | Found a shadowy altar of Dithmenos.
  4432 | D:4      | HP: 14/56 [poisoned by a gnoll]
  4535 | D:4      | Noticed Natasha
  4674 | D:4      | Killed Natasha
  4679 | D:4      | Noticed Natasha
  4685 | D:4      | Killed Natasha
  4685 | D:4      | Reached XP level 7. HP: 54/61 MP: 7/7
  4946 | D:4      | Found a white marble altar of Elyvilon.
  4965 | D:4      | Found a radiant altar of Vehumet.
  5006 | D:4      | Reached skill level 5 in Staves
  5481 | D:4      | Reached skill level 6 in Staves
  5659 | D:4      | Reached skill level 1 in Polearms
  5828 | D:4      | Reached skill level 2 in Polearms
  6006 | D:4      | Noticed Natasha
  6015 | D:4      | Killed Natasha
  6112 | D:4      | Reached skill level 3 in Polearms
  6112 | D:4      | Reached XP level 8. HP: 63/68 MP: 8/8
  6137 | D:4      | Got a translucent short sword
  6138 | D:4      | Identified the +7 short sword "Worm's Wrath" {vamp, Dex+4}
                  | (You found it on level 4 of the Dungeon)
  6695 | D:3      | Reached skill level 4 in Polearms
  6786 | D:4      | Reached **** piety under Trog
  7047 | D:4      | Reached skill level 5 in Polearms
  7341 | D:5      | Entered Level 5 of the Dungeon
  7514 | D:5      | Found a blossoming altar of Fedhas.
  7667 | D:5      | Reached skill level 6 in Polearms
  7744 | D:5      | Found a shattered altar of Ashenzari.
  7747 | D:5      | Found an opulent altar of Gozag.
  7750 | D:5      | Found a basalt altar of Yredelemnul.
  7898 | D:5      | Found a shimmering altar of Xom.
  8148 | D:6      | Found a sparkling altar of Nemelex Xobeh.
  8203 | D:6      | Noticed Grinder
  8209 | D:6      | Killed Grinder
  8209 | D:6      | Reached skill level 7 in Polearms
  8227 | D:6      | Reached XP level 9. HP: 74/74 MP: 9/9
  8366 | D:6      | Noticed Eustachio
  8390 | D:6      | Killed Eustachio
  8496 | D:6      | Found a shimmering altar of Xom.
  8666 | D:6      | Reached skill level 8 in Polearms
  9042 | D:7      | Reached skill level 1 in Dodging
  9080 | D:7      | Found a staircase to the Ecumenical Temple.
  9089 | Temple   | Entered the Ecumenical Temple
  9388 | D:7      | Reached skill level 1 in Armour
  9546 | D:7      | Reached ***** piety under Trog
  9546 | D:7      | Received a gift from Trog
 10348 | D:8      | Reached skill level 2 in Armour
 10348 | D:8      | Reached skill level 2 in Dodging
 10449 | D:8      | Found a bloodstained altar of Trog.
 10490 | D:8      | Noticed Joseph
 10512 | D:8      | Killed Joseph
 10512 | D:8      | Reached skill level 6 in Fighting
 10959 | D:8      | Reached XP level 10. HP: 84/84 MP: 10/10
 11000 | D:8      | Noticed an Executioner
 11001 | D:8      | Found a burning altar of Makhleb.
 11003 | D:8      | Found a glowing silver altar of Zin.
 11004 | D:8      | Noticed an angel
 11169 | D:9      | Reached skill level 3 in Armour
 11236 | D:9      | Reached skill level 9 in Polearms
 11387 | D:9      | Found Gaddyki's Assorted Antiques.
 11418 | D:9      | Bought a scroll labeled GUFUCS PABUG for 31 gold pieces
 11418 | D:9      | Bought a scroll labeled SIRAYL CUIN for 31 gold pieces
 11418 | D:9      | Bought a scroll labeled UGHOSTYIPP for 31 gold pieces
 11418 | D:9      | Bought a scintillating bone amulet for 155 gold pieces
 11419 | D:9      | Identified the amulet of Vumuobev {+Rage rF++ MR- Str+3
                  | Int+2} (You bought it in a shop on level 9 of the Dungeon)
 11590 | D:9      | Reached skill level 7 in Fighting
 12214 | D:9      | Found a staircase to the Lair.
 12216 | D:9      | Found an iron altar of Okawaru.
 12386 | D:9      | Reached skill level 4 in Armour
 12519 | D:9      | Reached skill level 1 in Shields
 12542 | D:9      | Reached skill level 10 in Polearms
 12573 | D:9      | Noticed a three-headed hydra
 12600 | D:9      | Killed a three-headed hydra
 12600 | D:9      | Reached skill level 2 in Shields
 12938 | D:10     | Entered Level 10 of the Dungeon
 12944 | D:10     | Reached skill level 3 in Shields
 13048 | D:10     | Found Entuatt's Magic Scroll Shop.
 13710 | D:10     | Reached XP level 11. HP: 50/92 MP: 11/11
 14310 | D:10     | Received a gift from Trog
 14584 | D:10     | Got a crude rapier
 14585 | D:10     | Identified the +2 rapier "Q" {drain, MR+} (You found it on
                  | level 10 of the Dungeon)
 16161 | D:11     | Found a staircase to the Orcish Mines.
 16400 | D:11     | Noticed a red ugly thing
 16427 | D:11     | Killed a red ugly thing
 16427 | D:11     | Reached skill level 4 in Shields
 16683 | D:11     | Reached skill level 11 in Polearms
 16843 | D:11     | Got a scintillating lead ring
 16844 | D:11     | Identified the ring of Scepticism {rPois rF+ rC- SInv} (You
                  | found it on level 11 of the Dungeon)
 16867 | D:11     | Found a portal to a secret trove of treasure.
 16968 | Lair:1   | Entered Level 1 of the Lair of Beasts
 17476 | Lair:1   | Reached skill level 5 in Shields
 18300 | Lair:2   | Noticed an eight-headed hydra
 18330 | Lair:2   | Killed an eight-headed hydra
 18714 | Lair:2   | Reached skill level 6 in Shields
 18729 | Lair:2   | Noticed a five-headed hydra
 18745 | Lair:2   | Killed a five-headed hydra
 18745 | Lair:2   | Reached skill level 12 in Polearms
 18780 | Lair:2   | Found a staircase to the Swamp.
 18888 | Lair:2   | Received a gift from Trog
 19188 | Lair:2   | Reached XP level 12. HP: 85/100 MP: 12/12
 20612 | Lair:3   | Reached skill level 13 in Polearms
 21156 | Lair:3   | Noticed a catoblepas
 21196 | Lair:3   | Killed a catoblepas
 21270 | Lair:3   | Found a staircase to the Snake Pit.
 21446 | Lair:3   | Noticed a six-headed hydra
 21473 | Lair:3   | Killed a six-headed hydra
 21885 | Lair:3   | Reached skill level 2 in Evocations
 22307 | Lair:4   | Noticed a death yak
 22308 | Lair:4   | Noticed a death yak
 22311 | Lair:4   | Noticed a death yak
 22314 | Lair:4   | Noticed a death yak
 22315 | Lair:4   | Noticed a death yak
 22334 | Lair:4   | Killed a death yak
 22369 | Lair:3   | Killed a death yak
 22369 | Lair:3   | Reached skill level 3 in Dodging
 22671 | Lair:4   | Killed a death yak
 22699 | Lair:4   | Killed a death yak
 22699 | Lair:4   | Reached skill level 3 in Evocations
 22716 | Lair:4   | Killed a death yak
 23453 | Lair:5   | Noticed a catoblepas
 23640 | Lair:5   | Reached XP level 13. HP: 80/107 MP: 15/15
 23963 | Lair:5   | Reached skill level 8 in Fighting
 23997 | Lair:5   | Reached skill level 5 in Armour
 24192 | Lair:5   | Noticed Sonja
 24193 | Lair:5   | Noticed Sonja
 24193 | Lair:5   | Sonja changed into Sonja the tengu
 24211 | Lair:5   | Killed Sonja the tengu
 24548 | Lair:5   | Received a gift from Trog
 24558 | Lair:5   | Reached skill level 4 in Evocations
 24564 | Lair:5   | Reached skill level 4 in Dodging
 25030 | Lair:6   | Entered Level 6 of the Lair of Beasts
 25051 | Lair:6   | Found a gate leading to a gauntlet.
 25075 | Gauntlet | Entered a Gauntlet
 25075 | Gauntlet | Found a transporter.
 25075 | Gauntlet | Found a transporter.
 25075 | Gauntlet | Found a transporter.
 25079 | Gauntlet | Found a transporter.
 25089 | Gauntlet | Found a transporter.
 25093 | Gauntlet | Found a transporter.
 25103 | Gauntlet | Found a transporter.
 25191 | Gauntlet | Found a transporter.
 25195 | Gauntlet | Found a transporter.
 25206 | Gauntlet | Found a transporter.
 25209 | Gauntlet | Found a transporter.
 25225 | Gauntlet | Found a transporter.
 25484 | Gauntlet | Got a sparkling iron ring
 25486 | Gauntlet | Identified the ring "Gamaloan" {*Corrode rPois rF+ rC+
                  | Str+3} (You found it in a Gauntlet)
 25502 | Gauntlet | Got a wavering turquoise ring
 25504 | Gauntlet | Got a crude ivory amulet
 25569 | Gauntlet | Got a bound amethyst amulet
 25722 | Gauntlet | Identified the ring of Palunk {Ice Str+4} (You found it in
                  | a Gauntlet)
 25755 | Gauntlet | Identified the ring of Mutualism {rC+ rN+ Dex+6}
 25755 | Gauntlet | Noticed a minotaur
 25807 | Gauntlet | Killed a minotaur
 25807 | Gauntlet | Reached skill level 7 in Shields
 26064 | Lair:6   | Noticed Snorg
 26076 | Lair:6   | Killed Snorg
 26715 | Lair:6   | Reached skill level 5 in Evocations
 27237 | Lair:6   | Reached skill level 9 in Fighting
 27314 | Lair:6   | Reached skill level 6 in Armour
 27314 | Lair:6   | Reached skill level 5 in Dodging
 27682 | D:12     | Received a gift from Trog
 27790 | D:12     | Got a translucent leather armour
 27801 | D:12     | Identified the +2 leather armour of Kikubaaqudgha's Whim
                  | {rCorr} (You found it on level 12 of the Dungeon)
 28561 | D:12     | Reached XP level 14. HP: 92/118 MP: 18/18
 28921 | D:9      | Bought a shiny plate armour for 806 gold pieces
 29013 | Orc:1    | Entered Level 1 of the Orcish Mines
 29016 | Orc:1    | Noticed Harold
 29026 | Orc:1    | Killed Harold
 29208 | Orc:1    | Received a gift from Trog
 29218 | Orc:1    | Found a roughly hewn altar of Beogh.
 29274 | Orc:1    | You fall into a shaft and drop 1 floor!
 29274 | Orc:2    | Entered Level 2 of the Orcish Mines
 29275 | Orc:2    | Noticed Josephine
 29300 | Orc:2    | Killed Josephine
 29300 | Orc:2    | Reached skill level 6 in Evocations
 29631 | Orc:2    | Reached skill level 8 in Shields
 29638 | Orc:2    | Noticed Blork the orc
 29685 | Orc:2    | Killed Blork the orc
 30135 | Orc:2    | Received a gift from Trog
 30746 | Orc:2    | Noticed an orc warlord
 30810 | Orc:1    | Killed an orc warlord
 30863 | Orc:2    | Reached skill level 10 in Fighting
 30966 | Orc:2    | Found a staircase to the Elven Halls.
 31252 | Orc:2    | Found a roughly hewn altar of Beogh.
 31255 | Orc:2    | Found Ficlet's Antique Armour Shoppe.
 31270 | Orc:2    | Found Xutyeric's Antique Weapon Shoppe.
 31286 | Orc:2    | Found Erot's Book Shoppe.
 31302 | Orc:2    | Found Cejok's General Store.
 31309 | Orc:2    | Bought a potion of might for 48 gold pieces
 31309 | Orc:2    | Bought a potion of heal wounds for 60 gold pieces
 31620 | D:13     | Got a bloodstained trident
 31621 | D:13     | Identified the +9 trident of Destiny {flame, rC++} (You
                  | acquired it on level 13 of the Dungeon)
 31929 | D:13     | Reached skill level 7 in Armour
 32739 | D:14     | Reached skill level 7 in Evocations
 32750 | D:14     | Noticed Jorgrun
 32769 | D:14     | Killed Jorgrun
 32998 | D:14     | Noticed Roxanne
 33023 | D:14     | Found a gate to the Vaults.
 33059 | D:14     | Received a gift from Trog
 33405 | D:10     | Bought a scroll of enchant weapon for 90 gold pieces
 33405 | D:10     | Bought a scroll of enchant weapon for 90 gold pieces
 33405 | D:10     | Bought a scroll of identify for 24 gold pieces
 33405 | D:10     | Bought a scroll of identify for 24 gold pieces
 33405 | D:10     | Bought a scroll of identify for 24 gold pieces
 33602 | Lair:6   | Identified the amulet "Negu" {Spirit rC+} (You found it in
                  | a Gauntlet)
 33603 | Lair:6   | Identified the amulet "Zyroucw" {Faith rC++ MR+ Str+3} (You
                  | found it in a Gauntlet)
 33729 | Swamp:1  | Entered Level 1 of the Swamp
 33875 | Swamp:1  | Noticed Frances
 33899 | Swamp:1  | Killed Frances
 34329 | Swamp:1  | Reached skill level 9 in Shields
 34329 | Swamp:1  | Reached XP level 15. HP: 56/128 MP: 20/20
 34628 | Swamp:1  | Reached skill level 11 in Fighting
 34724 | Swamp:1  | Reached skill level 8 in Evocations
 34949 | Swamp:1  | Reached skill level 8 in Armour
 35374 | Swamp:1  | Paralysed by a hornet for 3 turns
 35596 | Swamp:2  | Noticed a thorn hunter
 35678 | Swamp:2  | Killed a thorn hunter
 35859 | Swamp:2  | Reached skill level 9 in Evocations
 36625 | Swamp:3  | Reached skill level 10 in Evocations
 37800 | Swamp:4  | Entered Level 4 of the Swamp
 37951 | Swamp:4  | Noticed a thorn hunter
 37964 | Swamp:4  | Killed a thorn hunter
 38037 | Swamp:4  | Noticed Donald
 38057 | Swamp:4  | Killed Donald
 38120 | Swamp:4  | Noticed Bai Suzhen
 38159 | Swamp:4  | Killed Bai Suzhen
 38605 | Swamp:4  | Received a gift from Trog
 38626 | Swamp:4  | Got a crystal dagger
 38627 | Swamp:4  | Identified the +8 dagger of the Establishment {flame, rF+}
                  | (You found it on level 4 of the Swamp)
 39177 | Swamp:4  | Reached skill level 6 in Dodging
 39705 | Swamp:4  | Got a decaying rune of Zot
 40036 | Elf:1    | Entered Level 1 of the Elven Halls
 40165 | Elf:1    | Reached XP level 16. HP: 119/139 MP: 24/24
 40428 | Elf:1    | Reached skill level 12 in Fighting
 40443 | Elf:1    | Reached skill level 9 in Armour
 40631 | Elf:1    | Reached skill level 11 in Evocations
 40682 | Elf:1    | Noticed a deep elf demonologist
 40982 | Elf:1    | Received a gift from Trog
 41341 | Elf:1    | Killed a deep elf demonologist
 41370 | Elf:1    | Identified the Guide on Calling
 42076 | Elf:1    | Found a shimmering blue altar of Sif Muna.
 42203 | Elf:2    | Found a ruined gateway.
 42217 | Desolati | Entered the Desolation of Salt
 42223 | Desolati | Upgraded the game from 0.25-a0-294-gea9b1ad378 to
                  | 0.25-a0-302-g9f758675c1
 42561 | Elf:2    | Received a gift from Trog
 43914 | Elf:2    | Found a runed translucent gate.
 43914 | Elf:2    | Found a runed translucent gate.
 43914 | Elf:2    | Found a runed translucent gate.
 43980 | Elf:2    | Reached skill level 13 in Fighting
 44312 | Elf:2    | Reached skill level 10 in Armour
 44503 | Elf:2    | Reached skill level 12 in Evocations
 44570 | Elf:2    | Received a gift from Trog
 44810 | Elf:2    | Noticed Azrael
 44822 | Elf:2    | Killed Azrael
 45145 | Elf:2    | Noticed a deep elf blademaster
 45166 | Elf:2    | Killed a deep elf blademaster
 45313 | Elf:2    | Reached XP level 17. HP: 141/151 MP: 26/26
 45685 | Elf:3    | Entered Level 3 of the Elven Halls
 45810 | Elf:3    | Noticed a deep elf sorcerer
 46100 | Elf:3    | Noticed a deep elf master archer
 46108 | Elf:3    | Noticed a deep elf demonologist
 46116 | Elf:3    | HP: 23/151 [deep elf master archer/arrow (31)]
 46116 | Elf:3    | HP: 11/151 [red devil/+0 trident[a deep elf demonologist]
                  | (6)]
 46116 | Elf:3    | Shot with an arrow by a deep elf master archer

Table legend:
 A = Turns spent in this place as a percentage of turns spent in the entire game.
 B = Non-inter-level travel turns spent in this place as a percentage of non-inter-level travel turns spent in the entire game.
 C = Inter-level travel turns spent in this place as a percentage of turns spent in this place.
 D = Turns resting spent in this place as a percentage of non-inter-level travel turns spent in this place.
 E = Turns spent auto-exploring this place as a percentage of non-inter-level travel turns spent in this place.
 F = Non-inter-level travel turns spent in this place divided by the number of levels of this place that you've seen.
                   A       B       C       D       E      F
               +-------+-------+-------+-------+-------+----------------------
         Total | 100.0 | 100.0 |   5.3 |   7.0 |  70.7 | 1322.9
       Dungeon |  42.4 |  41.5 |   7.3 |  10.1 |  68.5 | 1295.3
        Temple |   0.1 |   0.1 |   0.0 |   0.0 |  54.3 |  46.0
          Lair |  22.2 |  22.1 |   6.0 |   0.8 |  79.0 | 1607.0
         Swamp |  12.9 |  13.3 |   2.3 |   5.4 |  72.6 | 1452.2
  Orcish Mines |   5.8 |   5.9 |   4.7 |   8.2 |  67.5 | 1281.5
   Elven Halls |  12.7 |  13.1 |   2.5 |   5.9 |  72.0 | 1902.7
         Sewer |   1.8 |   1.9 |   0.0 |   6.7 |  62.5 | 842.0
    Desolation |   0.0 |   0.0 |   0.0 |   0.0 |   0.0 |  16.0
      Gauntlet |   1.9 |   2.1 |   0.0 |  25.7 |  23.7 | 895.0
               +-------+-------+-------+-------+-------+----------------------

Table legend:
 A = Kills in this place as a percentage of kills in entire the game.
 B = Kills by you in this place as a percentage of kills by you in the entire game.
 C = Kills by friends in this place as a percentage of kills by friends in the entire game.
 D = Other kills in this place as a percentage of other kills in the entire game.
 E = Experience gained in this place as a percentage of experience gained in the entire game.
 F = Experience gained in this place divided by the number of levels of this place that you have seen.
                   A       B       C       D       E      F
               +-------+-------+-------+-------+-------+----------------------
         Total | 100.0 | 100.0 | 100.0 | 100.0 | 100.0 | 6751.3
       Dungeon |  45.1 |  45.6 |   0.0 |   0.0 |  15.6 | 2489.2
          Lair |  15.0 |  15.2 |   0.0 |   0.0 |  19.9 | 7403.3
         Swamp |  14.0 |  14.2 |   0.0 |   0.0 |  25.1 | 14002.8
  Orcish Mines |   9.2 |   8.1 | 100.0 |   0.0 |   6.0 | 6682.0
   Elven Halls |  11.1 |  11.2 |   0.0 | 100.0 |  32.0 | 23765.7
         Sewer |   5.0 |   5.1 |   0.0 |   0.0 |   0.2 | 361.0
      Gauntlet |   0.6 |   0.6 |   0.0 |   0.0 |   1.1 | 2492.0
               +-------+-------+-------+-------+-------+----------------------

Skill      XL: |  1  2  3  4  5  6  7  8  9 10 11 12 13 14 15 16 |
---------------+-------------------------------------------------+-----
Fighting       | 3 4 5 6 7 9 10 11 13 | 13.8
Evocations     | 1 3 5 7 10 12 | 12.7
Staves         | 1 3 4 6 |  6.1
Polearms       | 3 7 8 10 12 13 | 13.6
Dodging        | 2 3 5 6 |  6.0
Armour         | 2 4 6 7 8 10 | 10.0
Shields        | 3 6 7 9 |  9.0
Short Blades   | |  1.7
Throwing       | |  2.1
Stealth        | |  2.4

Action                   |  1- 3 |  4- 6 |  7- 9 | 10-12 | 13-15 | 16-18 || total
-------------------------+-------+-------+-------+-------+-------+-------++-------
Melee: Dagger            |   151 |     6 |       |       |       |       ||   157
       Kick              |    13 |    29 |    64 |   145 |   391 |   114 ||   756
       Quarterstaff      |       |   166 |    40 |       |       |       ||   206
       Trident           |       |       |   344 |   695 |   939 |       ||  1978
       Demon trident     |       |       |       |       |   653 |   591 ||  1244
 Fire: Hunting sling     |       |       |       |   125 |       |       ||   125
       Hand crossbow     |       |       |       |    49 |    20 |       ||    69
Throw: Stone             |    14 |   133 |    31 |    41 |       |       ||   219
       Dart              |       |    35 |    25 |       |       |       ||    60
       Boomerang         |       |       |       |    46 |   232 |    45 ||   323
Invok: Berserk           |       |     2 |     1 |     1 |     9 |     4 ||    17
       Trog's Hand       |       |     3 |     8 |     4 |     8 |     1 ||    24
       Brothers in Arms  |       |       |       |       |     2 |       ||     2
Evoke: Wand              |       |       |       |     2 |    30 |     5 ||    37
       Lamp of fire      |       |       |       |       |     2 |       ||     2
  Use: Scroll            |     3 |     1 |    10 |     8 |    27 |     5 ||    54
       Potion            |       |       |     1 |       |       |       ||     1
 Stab: Sleeping          |     1 |       |       |     1 |       |       ||     2
       Petrifying        |       |       |       |     1 |     1 |       ||     2
       Petrified         |       |       |       |       |     3 |       ||     3
       Betrayed ally     |       |       |       |       |     1 |       ||     1
  Eat: Chunk             |     2 |    11 |    28 |    19 |    27 |    11 ||    98
       Ration            |       |       |       |     3 |    10 |     3 ||    16
Armor: Robe              |    14 |       |       |       |       |       ||    14
       Scale mail        |    53 |    99 |   101 |       |       |       ||   253
       Leather armour    |       |       |     8 |   125 |    52 |       ||   185
       Plate armour      |       |       |       |       |   387 |   136 ||   523
Dodge: Dodged            |    56 |    52 |   123 |   216 |   232 |    50 ||   729
Block: Shield            |       |       |       |   179 |   407 |   148 ||   734

Vanquished Creatures
  Bai Suzhen (Swamp:4)
  Jorgrun (D:14)
  A deep elf blademaster (Elf:2)
  Frances (Swamp:1)
  2 thorn hunters
  Donald (Swamp:4)
  An orc warlord (Orc:1)
  2 deep elf elementalists
  Azrael (Elf:2)
  A minotaur (Gauntlet)
  A deep elf demonologist (Elf:1)
  Snorg (Lair:6)
  A deep elf death mage (Elf:2)
  Josephine (Orc:2)
  3 ice dragons
  A ghost crab (Swamp:4)
  11 hydras
  A shambling mangrove (Swamp:2)
  4 catoblepae
  3 centaur warriors
  11 death yaks
  A deep troll shaman (Lair:6)
  23 dancing weapons
  8 alligators
  An orc high priest (Orc:2)
  15 deep elf knights
  2 unseen horrors (D:13)
  A spriggan druid (Swamp:3)
  4 swamp dragons
  10 deep elf archers
  2 ugly things
  A wolf spider (D:14)
  6 orc knights
  2 orc sorcerers (Orc:2)
  37 deep elf magi
  A guardian serpent (Elf:2)
  2 elephants (Lair:6)
  Joseph (D:8)
  14 spiny frogs
  4 black mambas
  A gargoyle (D:11)
  A torpor snail (Lair:3)
  4 rime drakes
  4 freezing wraiths
  5 komodo dragons
  2 yaktaurs (D:14)
  A queen bee (Lair:2)
  An ice devil (Gauntlet)
  4 trolls
  15 hornets
  7 tyrant leeches
  Grinder (D:6)
  4 saltlings (Elf:2)
  19 slime creatures
  3 blink frogs (Lair:5)
  9 hippogriffs
  7 dream sheep
  3 bog bodies
  A shadow (Swamp:1)
  A water elemental (Elf:2)
  2 air elementals (Elf:2)
  11 spriggans
  5 fire elementals
  4 wraiths
  4 wyverns
  A basilisk (Lair:2)
  20 yaks
  Eustachio (D:6)
  2 steam dragons
  3 swamp worm simulacra (Swamp:4)
  26 vampire mosquitoes
  A naga (Lair:3)
  11 insubstantial wisps (Swamp:2)
  An acid dragon (D:11)
  3 wargs (Orc:2)
  8 swamp worms
  3 hell hounds (Elf:2)
  9 water moccasins
  14 hydra simulacra (Swamp:4)
  7 porcupines
  5 black bears
  17 orc warriors
  3 swamp drakes
  3 ice beasts
  2 phantoms
  3 sky beasts
  A tengu (Lair:5)
  3 ogres
  A necrophage (D:7)
  8 wolves
  A boggart (D:14)
  12 centaurs
  9 crocodiles
  Blork the orc (Orc:2)
  8 big kobolds
  2 gnoll sergeants
  11 bullfrogs
  3 earth elementals (Elf:1)
  A water moccasin zombie (D:12)
  2 scorpions
  7 wights
  22 killer bees
  14 electric eels
  4 crimson imps
  5 hounds
  A bullfrog skeleton (D:6)
  A bullfrog zombie (D:12)
  2 jellies
  14 orc priests
  4 gnoll shamans
  23 orc wizards
  2 centaur skeletons
  12 worker ants
  Natasha (thrice) (D:4)
  6 iguanas
  A hound skeleton (D:6)
  A hound zombie (D:5)
  Robin (D:1)
  59 gnolls
  5 river rats (Sewer)
  13 adders
  3 shadow imps
  3 white imps (Gauntlet)
  5 swamp drake simulacra (Swamp:4)
  An adder skeleton (D:6)
  2 dart slugs
  4 worms
  6 leopard geckos
  79 orcs
  14 ball pythons
  5 giant cockroaches
  19 goblins
  11 hobgoblins
  21 jackals
  6 quokkas
  7 bats
  7 frilled lizards
  13 kobolds
  2 quokka skeletons (D:5)
  31 rats
  2 butterflies (D:5)
  A demonic plant (Gauntlet)
952 creatures vanquished.

Vanquished Creatures (collateral kills)
  Harold (Orc:1)
  A wraith (Orc:2)
  4 orc warriors
  2 orc wizards
  2 gnolls (Orc:2)
  An orc (Orc:2)
11 creatures vanquished.

Vanquished Creatures (others)
  A water elemental (Elf:1)
  A quokka (D:4)
  A briar patch (Swamp:2)
  15 demonic plants (Gauntlet)
  10 fungi
  6 plants
  A withered plant (Gauntlet)
35 creatures vanquished.

Grand Total: 998 creatures vanquished
